 Dungeon Crawl Stone Soup version 0.30-a0-122-g2a1322497e (webtiles) character file.

Game seed: 15791526070297749828

9 ragingrage the Sneak (level 2, 0/24 HPs)
             Began as a Demonspawn Delver on Sept 15, 2022.
             Slain by an iguana (10 damage)
             ... on level 5 of the Dungeon.
             The game lasted 00:00:45 (203 turns).

ragingrage the Sneak (Demonspawn Delver)             Turns: 203, Time: 00:00:46

Health: 0/24       AC:  5    Str: 12    XL:     2   Next: 3%
Magic:  2/2        EV: 12    Int: 11    God:
Gold:   0          SH:  0    Dex: 14    Spells: 1/1 levels left

rFire   . . .      SeeInvis .    a - +0 spear
rCold   . . .      Faith    .    (no shield)
rNeg    . . .      Spirit   .    b - +0 leather armour
rPois   .          Reflect  .    (no helmet)
rElec   .          Harm     .    (no cloak)
rCorr   .          Rampage  .    (no gloves)
Will    .....                    (no boots)
Stlth   +++.......               (no amulet)
HPRegen 0.08/turn                (no ring)
MPRegen 0.08/turn                (no ring)

@: hasted, very quick
A: yellow scales 1
a: no special abilities


You were on level 5 of the Dungeon.
You visited 1 branch of the dungeon, and saw 2 of its levels.

Inventory:

Hand Weapons
 a - a +0 spear (weapon)
Missiles
 h - a javelin (quivered)
Armour
 b - a +0 leather armour (worn)
Wands
 g - a wand of digging (3)
Scrolls
 c - a scroll of fog
 d - a scroll of magic mapping
 e - a scroll of fear


   Skills:
 + Level 3.1 Fighting
 + Level 2.0 Polearms
 + Level 2.0 Dodging
 + Level 4.6 Stealth


You had one spell level left.
You didn't know any spells.
Your spell library was empty.

Dungeon Overview and Level Annotations

Branches:
Dungeon (6/15)
 Temple: D:4-7

Altars:

Annotations:
D:6 exclusion: steam dragon


Innate Abilities, Weirdness & Mutations

You are partially covered in yellow scales. (AC +2)


Message History

The iguana is severely wounded.
Reach: a) +0 spear
Press: ? - help, Dir - move target, f/p - iguana
Aim: an iguana (severely wounded, about 34% to evade your +0 spear)
You hit the iguana but do no damage.
The iguana is severely wounded.
The iguana barely misses you.
Really walk into that dispersal trap?
You enter a dispersal trap!
The iguana blinks! x2; You blink.
Reach: a) +0 spear
Press: ? - help, Dir - move target, f/p - iguana
Aim: an iguana (severely wounded, about 34% to evade your +0 spear)
You reach to attack!
You hit the iguana but do no damage.
The iguana is severely wounded.
Reach: a) +0 spear
Press: ? - help, Dir - move target, f/p - iguana
Aim: an iguana (severely wounded, about 34% to evade your +0 spear)
You reach to attack!
You hit the iguana but do no damage.
The iguana is severely wounded.
The iguana closely misses you.
Really walk into that dispersal trap?
You enter a dispersal trap!
The iguana blinks!
You blink.
Throw: 3 javelins
Press: ? - help, Q - select action Shift-Dir - straight line, f/p - iguana
Aim: an iguana (severely wounded, 63% to hit)
You throw a javelin.
The javelin completely misses the iguana.
The iguana enters a dispersal trap!
You blink.
The iguana blinks!
Throw: 2 javelins
Press: ? - help, Q - select action Shift-Dir - straight line, f/p - iguana
Aim: an iguana (severely wounded, 63% to hit)
You throw a javelin. The javelin pierces through the iguana.
The iguana is severely wounded.
The iguana completely misses you. The iguana bites you.
You barely miss the iguana.
The iguana is severely wounded.
You closely miss the iguana.
The iguana is severely wounded.
The iguana bites you!
You die...

# ## .#..## .#
###########....<# ..
#.ยง..........$..#
#.####.(........#....
...#......^.........
#.#@l.....(..#.....
#..#####.##### ....
##.#####.## ...
#......... #.
#######... ###.# ..
###


You could see an iguana.

Vanquished Creatures
  An adder (D:6)
1 creature vanquished.

Notes
Turn   | Place    | Note
-------+----------+-------------------------------------------
     0 | D:5      | ragingrage the Demonspawn Delver began the quest for the
                  | Orb.
     0 | D:5      | Reached XP level 1. HP: 18/18 MP: 1/1
     1 | D:5      | Noticed a phantom
    24 | D:6      | Noticed a steam dragon
    39 | D:6      | Gained mutation: You are partially covered in yellow
                  | scales. (AC +2) [demonic ancestry]
    39 | D:6      | Reached XP level 2. HP: 19/24 MP: 2/2
   203 | D:5      | Slain by an iguana

Illustrated notes

Levels and vault maps discovered:
D:5:      layout_rooms, minmay_temple_entry_waves,
          cheibrodos_sewer_entry_sluice, minmay_misc_feat_more_columns
D:6:      layout_cave_pods, grunt_temple_overflow_gold_and_silver,
          lemuel_doored_altar, lemuel_round_altar, minivault_1,
          kennysheep_generic_room_7

Skill      XL: |  1 |
---------------+----+-----
Polearms       | 2 |  2.0
Dodging        | 2 |  2.0
Fighting       | |  3.1
Stealth        | |  4.6

Action                   || total
-------------------------++-------
Melee: Spear             ||    27
Throw: Javelin           ||     3
  Use: Potion            ||     1
 Stab: Sleeping          ||     1
Armor: Leather armour    ||     5
Dodge: Dodged            ||    12

Table legend: (Time is in decaauts)
 A = Elapsed time spent in this place.
 B = Non-inter-level travel time spent in this place.
 C = Inter-level travel time spent in this place.
 D = Time resting spent in this place.
 E = Time spent auto-exploring this place.
 F = Levels seen in this place.
 G = Mean time per level.
                   A        B        C        D        E       F      G
               +--------+--------+--------+--------+--------+-----+--------+
         Total |    194 |    194 |      0 |     61 |     54 |   2 |   97.0 |
       Dungeon |    194 |    194 |      0 |     61 |     54 |   2 |   97.0 |
               +--------+--------+--------+--------+--------+-----+--------+

Top non-repeatable levels by time:
     D:6: 154 daAuts
     D:5: 39 daAuts
